 Dungeon Crawl Stone Soup version 0.29-a0-555-g3b24f45cc1 (webtiles) character file.

Game seed: 10620946241062944586

249 Hubjo the Insei (level 5, -4/40 HPs)
             Began as a Demonspawn Transmuter on June 7, 2022.
             Was a Follower of Sif Muna.
             Slain by an iguana (8 damage)
             ... on level 4 of the Dungeon.
             The game lasted 00:03:36 (3232 turns).

Hubjo the Insei (Demonspawn Transmuter)             Turns: 3232, Time: 00:03:36

Health: -4/40      AC:  7    Str: 11    XL:     5   Next: 87%
Magic:  8/9        EV: 12    Int: 14    God:    Sif Muna [*.....]
Gold:   109        SH:  0    Dex: 15    Spells: 4/9 levels left

rFire   . . .      SeeInvis .     - Unarmed
rCold   . . .      Faith    .   (no shield)
rNeg    . . .      Spirit   .   a - +0 robe
rPois   .          Reflect  .   (no helmet)
rElec   .          Harm     .   (no cloak)
rCorr   .          Rampage  .   (no gloves)
Will    .....                   (no boots)
Stlth   ++........              (no amulet)
HPRegen 0.13/turn               f - +4 ring of protection
MPRegen 0.11/turn               (no ring)

@: on berserk cooldown, slowed, very slow
A: rugged brown scales 1, weakness stinger 1
a: Renounce Religion, Channel Magic


You were on level 4 of the Dungeon.
You worshipped Sif Muna.
Sif Muna was aware of your devotion.
You visited 1 branch of the dungeon, and saw 4 of its levels.

You collected 109 gold pieces.

Inventory:

Armour
 a - a +0 robe (worn)
Jewellery
 f - a +4 ring of protection (left hand)
Scrolls
 k - a scroll of torment
Potions
 b - 2 potions of lignification
 c - a potion of magic {unknown}
 d - a potion of resistance {unknown}
 g - 2 potions of curing {unknown}
 h - a potion of attraction
 i - a potion of berserk rage


   Skills:
 + Level 2.7 Fighting
 - Level 1.7 Dodging
 + Level 2.0 Stealth
 + Level 3.3 Unarmed Combat
 + Level 2.8 Spellcasting
 * Level 3.2 Transmutations
 + Level 1.0 Ice Magic


You had 4 spell levels left.
You knew the following spells:

 Your Spells              Type           Power      Damage    Failure   Level
a - Beastly Appendage     Tmut           22%        N/A       6%          1
b - Ice Form              Ice/Tmut       8%         N/A       65%         4

Your spell library contained the following spells:

 Spells                   Type           Power      Damage    Failure   Level
 Wereblood                Tmut           11%        N/A       9%          2
 Sting                    Tmut/Pois      24%        1d4       12%         1
 Blink                    Tloc           2%         N/A       32%         2
 Poisonous Vapours        Pois/Air       2%         N/A       32%         2
 Spider Form              Tmut/Pois      6%         N/A       34%         3
 Gell's Gravitas          Tloc           1%         N/A       54%         3
 Lesser Beckoning         Tloc           1%         N/A       54%         3
 Teleport Other           Tloc           1%         N/A       54%         3
 Olgreb's Toxic Radiance  Pois           1%         N/A       91%         4
 Manifold Assault         Tloc           1%         N/A       99%         5


Dungeon Overview and Level Annotations

Branches:
Dungeon (4/15)
 Temple: D:4-7

Altars:
Sif Muna
Zin


Innate Abilities, Weirdness & Mutations

You are partially covered in rugged brown scales. (AC +1, +3% HP)
You have a small tail.


Message History

You kill the adder!
Sif Muna accepts your kill.
You feel sick.
The iguana bites you but does no damage.
The adder bites you.
Your Transmutations skill increases to level 3!
You feel sick. The adder bites you but does no damage.
The iguana barely misses you. The phantom hits you.
* * * LOW HITPOINT WARNING * * *
The phantom blinks!
You blink.
A red film seems to cover your vision as you go berserk!
You feel yourself moving faster!
You feel mighty!
Your horns disappear.
Your talons disappear.
You feel sick.
You are no longer poisoned.
The phantom hits you.
* * * LOW HITPOINT WARNING * * *
You punch the phantom!
The phantom is heavily damaged.
The phantom hits you.
* * * LOW HITPOINT WARNING * * *
You closely miss the phantom.
The phantom is heavily damaged.
The phantom misses you.
You completely miss the phantom.
The phantom is heavily damaged.
You closely miss the phantom. You tail-slap the phantom.
The phantom is severely damaged.
The phantom closely misses you.
You punch the phantom!
You destroy the phantom!
Sif Muna accepts your kill.
Your Stealth skill increases to level 2!
Your Ice Magic skill increases to level 1!
You feel a strong urge to attack something.
You closely miss the iguana.
You are no longer berserk.
You are exhausted.
You feel yourself slow down. The iguana bites you!
You die...

≈≈≈≈ ≈≈≈≈≈....≈ ≈≈≈≈≈
≈≈≈≈≈....≈≈≈≈≈≈≈≈≈
...... .......(.........
.>.... .................
......##.....###........
......#................#
.......†)...............
.......S)...............
......)........l@.......
......#†.#+#...........#
...#................#...
.. +......<.........+ .
. #.........####...#
............# .....
....)........# .##+#.
................ .. .
...................


You could see an iguana.

Vanquished Creatures
  A phantom (D:4)
  Terence (D:2)
  5 gnolls
  3 adders
  A white imp (D:4)
  3 worms
  A dart slug (D:2)
  2 orcs (D:4)
  5 endoplasms
  3 giant cockroaches
  3 goblins
  4 hobgoblins
  3 jackals (D:4)
  3 quokkas
  6 ball pythons
  5 bats
  2 frilled lizards (D:1)
  4 kobolds
  5 rats
60 creatures vanquished.

Vanquished Creatures (others)
  A plant (D:4)
1 creature vanquished.

Grand Total: 61 creatures vanquished

Notes
Turn   | Place    | Note
-------+----------+-------------------------------------------
     0 | D:1      | Hubjo the Demonspawn Transmuter began the quest for the
                  | Orb.
     0 | D:1      | Reached XP level 1. HP: 15/15 MP: 3/3
   227 | D:1      | Gained mutation: You are partially covered in rugged brown
                  | scales. (AC +1, +3% HP) [demonic ancestry]
   227 | D:1      | Reached XP level 2. HP: 12/21 MP: 3/5
  1088 | D:2      | Reached skill level 1 in Stealth
  1088 | D:2      | Reached XP level 3. HP: 26/27 MP: 6/6
  1462 | D:2      | Found a faded altar of an unknown god.
  1474 | D:2      | Prayed at the altar of an unknown god.
  1474 | D:2      | Became a worshipper of Sif Muna the Loreminder
  1474 | D:2      | Reached * piety under Sif Muna
  1741 | D:2      | Noticed Terence
  1757 | D:2      | Killed Terence
  1758 | D:2      | Gained mutation: You have a small tail. [demonic ancestry]
  1758 | D:2      | Reached XP level 4. HP: 7/33 MP: 7/7
  2237 | D:3      | Learned a level 4 spell: Ice Form
  2956 | D:3      | Reached XP level 5. HP: 31/40 MP: 6/8
  3215 | D:4      | Noticed a phantom
  3229 | D:4      | Killed a phantom
  3230 | D:4      | Reached skill level 1 in Ice Magic
  3232 | D:4      | Slain by an iguana

Illustrated notes

Levels and vault maps discovered:
D:1:      scummos_arrival_star, layout_loops_ring, moated_statue,
          minmay_hexomino_p4
D:2:      layout_basic, basic_altar, ebering_ecumenical_altar_ruins,
          st_stairs_5, feat_on_display, uniq_terence
D:3:      layout_basic, kennysheep_doodads, grunt_decor_cap
D:4:      lemuel_castle_with_subvaults [lemuel_castle_interior_carwin_2],
          layout_basic, uniq_edmund

Skill      XL: |  1  2  3  4  5 |
---------------+----------------+-----
Transmutations | 2 3 |  3.2
Stealth        | 1 2 |  2.0
Fighting       | 2 |  2.7
Unarmed Combat | 3 |  3.3
Ice Magic      | 1 |  1.0
Dodging        | |  1.7
Spellcasting   | |  2.8

Action                   |  1- 3 |  4- 6 || total
-------------------------+-------+-------++-------
Melee: Unarmed           |   107 |    83 ||   190
       Kick              |    27 |    22 ||    49
       Headbutt          |    12 |     8 ||    20
       Punch             |     3 |     2 ||     5
       Tailslap          |       |     8 ||     8
 Cast: Beastly Appendage |    21 |    11 ||    32
  Use: Scroll            |       |     5 ||     5
       Potion            |       |     3 ||     3
 Stab: Sleeping          |     2 |       ||     2
Armor: Robe              |    27 |    42 ||    69
Dodge: Dodged            |    55 |    67 ||   122

Table legend: (Time is in decaauts)
 A = Elapsed time spent in this place.
 B = Non-inter-level travel time spent in this place.
 C = Inter-level travel time spent in this place.
 D = Time resting spent in this place.
 E = Time spent auto-exploring this place.
 F = Levels seen in this place.
 G = Mean time per level.
                   A        B        C        D        E       F      G
               +--------+--------+--------+--------+--------+-----+--------+
         Total |   3227 |   3180 |     47 |      0 |   2783 |   4 |  806.8 |
       Dungeon |   3227 |   3180 |     47 |      0 |   2783 |   4 |  806.8 |
               +--------+--------+--------+--------+--------+-----+--------+

Top non-repeatable levels by time:
     D:2: 1150 daAuts
     D:1: 1048 daAuts
     D:3: 979 daAuts
     D:4: 49 daAuts
